 Dungeon Crawl Stone Soup version 0.28-a0-48-gfd831c5874 (webtiles) character file.

Game seed: 17910279709675658439

18832 flotson the Fighter (level 12, -11/94 HPs)
             Began as a Demonspawn Delver on July 30, 2021.
             Was an Initiate of Gozag.
             Collided with a briar patch (16 damage)
             ... caused by a swamp worm
             ... on level 3 of the Lair of Beasts.
             The game lasted 00:36:17 (21174 turns).

flotson the Fighter (Demonspawn Delver)            Turns: 21174, Time: 00:36:18

Health: -11/94     AC: 15    Str: 17    XL:     12   Next: 31%
Magic:  21/21      EV: 12    Int: 11    God:    Gozag
Gold:   2233       SH:  0    Dex: 25    Spells: 8/24 levels left

rFire   . . .      SeeInvis .   a - +2 demon trident (pain)
rCold   + . .      Faith    .   I - +0 kite shield
rNeg    + . .      Spirit   .   i - +3 scale mail of Valiance {rPois rCorr Dex+3 Slay+2}
rPois   +          Reflect  +   (helmet restricted)
rElec   .          Harm     .   N - +0 cloak
rCorr   +          Rampage  .   (no gloves)
Will    .....                   H - +0 pair of boots
Stlth   ++........              w - amulet of reflection
HPRegen 0.25/turn               l - ring "Ubuibu" {rPois rC+ rN+}
MPRegen 0.17/turn               x - +6 ring of dexterity

@: agile, very slightly contaminated, held, hasted, invisible, very quick
A: horns 2, slimy green scales 1, demonic guardian 1, powered by pain 2
a: Renounce Religion, Potion Petition, Call Merchant, Bribe Branch


You were on level 3 of the Lair of Beasts.
You worshipped Gozag.
Gozag was most pleased with you.
You visited 3 branches of the dungeon, and saw 14 of its levels.

You collected 2903 gold pieces.
You spent 594 gold pieces at shops.
You paid 76 gold pieces to Gozag.

Inventory:

Hand Weapons
 a - a +2 demon trident of pain (weapon)
Missiles
 f - 4 boomerangs
 m - 3 curare-tipped darts (quivered)
 D - 5 atropa-tipped darts
 O - 20 javelins
 Q - 32 poisoned darts
Armour
 i - the +3 scale mail of Valiance (worn) {rPois rCorr Dex+3 Slay+2}
   (You found it on level 8 of the Dungeon)

   Dex:       It affects your dexterity (+3).
   Slay:      It affects your accuracy & damage with ranged weapons and melee
   (+2).
   rPois:     It protects you from poison.
   rCorr:     It protects you from acid and corrosion.
 H - a +0 pair of boots (worn)
 I - a +0 kite shield (worn)
 N - a +0 cloak (worn)
Jewellery
 l - the ring "Ubuibu" (left hand) {rPois rC+ rN+}
   (You found it on level 8 of the Dungeon)

   [ring of protection from cold]

   rC:        It protects you from cold.
   rPois:     It protects you from poison.
   rN:        It protects you from negative energy.
 n - a ring of protection from fire
 v - a ring of flight
 w - an amulet of reflection (around neck)
 x - a +6 ring of dexterity (right hand)
 J - a ring of see invisible
Wands
 b - a wand of flame (14)
 g - a wand of digging (8)
 r - a wand of charming (9)
 B - a wand of iceblast (16)
 G - a wand of polymorph (9)
Scrolls
 c - 3 scrolls of fog
 h - a scroll of silence {unknown}
 k - a scroll of blinking
 o - 3 scrolls of enchant armour
 p - a scroll of noise {unknown}
 q - a scroll of torment {unknown}
 u - 9 scrolls of teleportation {unknown}
 y - 3 scrolls of immolation {unknown}
 A - a scroll of magic mapping
 C - 2 scrolls of vulnerability {unknown}
 F - 2 scrolls of enchant weapon {unknown}
Potions
 d - 3 potions of attraction
 e - 5 potions of curing
 j - 4 potions of mutation
 s - 2 potions of haste
 t - 2 potions of cancellation
 K - 3 potions of lignification
 L - 3 potions of heal wounds
 M - 3 potions of might
Miscellaneous
 E - a box of beasts


   Skills:
 + Level 8.3 Fighting
 - Level 2.5(4.9) Axes
 + Level 6.7(6.9) Polearms
 + Level 5.0 Throwing
 + Level 6.7 Armour
 + Level 7.2 Dodging
 - Level 4.5 Stealth
 + Level 4.3 Shields
 + Level 6.6 Spellcasting
 + Level 8.0 Necromancy
 + Level 5.2 Evocations


You had 8 spell levels left.
You knew the following spells:

 Your Spells              Type           Power      Damage    Failure   Level
a - Animate Skeleton      Necr           42%        N/A       8%          1
b - Vampiric Draining     Necr           10%        2d7       24%         3
c - Dispel Undead         Necr           21%        3d11      61%         4
d - Death Channel         Necr           10%        N/A       100%        6
e - Corpse Rot            Necr/Air       N/A        N/A       54%         2

Your spell library contained the following spells:

 Spells                   Type           Power      Damage    Failure   Level
 Pain                     Necr           84%        1d8       8%          1
 Corona                   Hex            3%         N/A       91%         1
 Shock                    Conj/Air       12%        1d3       91%         1
 Poisonous Vapours        Pois/Air       6%         N/A       97%         2
 Dazzling Flash           Conj/Hex       6%         N/A       100%        3
 Summon Guardian Golem    Hex/Summ       3%         N/A       100%        3
 Tukima's Dance           Hex            3%         N/A       100%        3
 Fulminant Prism          Conj/Hex       1%         3d6       100%        4
 Iskenderun's Mystic Bla  Conj/Tloc      3%         2d3       100%        4
 Freezing Cloud           Conj/Ice/Air   1%         6-21      100%        5
 Iskenderun's Battlesphe  Conj           3%         2d6       100%        5
 Lee's Rapid Deconstruct  Erth           1%         3d5*      100%        5
 Dispersal                Tloc           1%         N/A       100%        6
 Starburst                Conj/Fire      1%         8x6d3     100%        6
 Orb of Destruction       Conj           1%         N/A       100%        7
 Spellforged Servitor     Conj/Summ      1%         N/A       100%        7
 Discord                  Hex            1%         N/A       100%        8
 Disjunction              Tloc           1%         N/A       100%        8
 Lehudib's Crystal Spear  Conj/Erth      1%         10d2      100%        8


Dungeon Overview and Level Annotations

Branches:
Dungeon (10/15)            Temple (1/1) D:5            Lair (3/6) D:9
 Spider (0/4) Lair:3          Orc (0/2) D:9
  Swamp: Lair:2-4    Shoals: Lair:2-4

Altars:
Cheibriados
Dithmenos
Fedhas
Gozag
Hepliaklqana
Kikubaaqudgha
Makhleb
Nemelex Xobeh
Qazlal
Ru
Sif Muna
Trog
Uskayaw
Vehumet
Wu Jian
Yredelemnul
Zin
The Shining One

Shops:
D:2 (

Annotations:
Lair:3 1 transporter


Innate Abilities, Weirdness & Mutations

You have a pair of horns on your head.
You are partially covered in slimy green scales. (AC +2)
A weak demonic guardian rushes to your aid.
You sometimes gain power by taking damage.


Message History

You are yanked forward by the harpoon shot.
You collide with the briar patch!
The briar patch is destroyed!
* * * LOW HITPOINT WARNING * * *
You focus on the pain.
You feel agile all of a sudden.
The swamp worm fires a harpoon shot at you.
The harpoon shot misses you.
You feel much better.
The swamp worm fires a harpoon shot at you.
The harpoon shot hits you but does no damage.
The swamp worm fires a harpoon shot at you.
The harpoon shot misses you.
The swamp worm fires a harpoon shot at you.
The harpoon shot misses you.
The swamp worm fires a harpoon shot at you.
The harpoon shot hits you!
You are yanked forward by the harpoon shot.
You collide with the briar patch!
You fade into invisibility!
The swamp worm fires a harpoon shot at you.
The harpoon shot misses you.
You are very lightly contaminated with residual magic.
You feel yourself speed up.
The swamp worm fires a harpoon shot at you.
The harpoon shot hits you!
* * * LOW HITPOINT WARNING * * *
You collide with the briar patch!
* * * LOW HITPOINT WARNING * * *
The swamp worm fires a harpoon shot at you.
The harpoon shot hits you.
* * * LOW HITPOINT WARNING * * *
You collide with the briar patch!
The swamp worm fires a harpoon shot at you.
The harpoon shot hits you!
* * * LOW HITPOINT WARNING * * *
You collide with the briar patch!
The briar patch is destroyed!
You die...
Your body crumbles into a pile of gold.

..###....#....#=©[#...# ##..####
...=....##.#..#[$(#...# #.#...##
.###P...###.####+####.## ##....##
## ##.#.#...#w§P°P≈##..# #.#.....
## ###...#.##≈P^P≈w#.#####......
.### #P....#♣§P^§###...#.#......
...# ##P....###°^P§w#.#..........
.#.###......#w§P^P≈##.###........
..##........##≈.@.≈w#.P##.#......
#...........#♣≈P^P≈##..##........
..........#.###P5.###.P.#........
....##.....#..#####.......#.#....
.P..###....#....©...#....P#####..
P...###.....#......####..## ##..
....P##............## #...# #...
.P............P....P###...####...
<............#...#####......#....


You could see 5 swamp worms and a friendly quasit (summoned).

Vanquished Creatures
  A two-headed ogre (D:10)
  Sonja (D:10)
  An orb spider (Lair:3)
  4 elephants (Lair:3)
  2 black mambas (Lair:2)
  Maurice (D:9)
  6 cane toads
  Maggie (Lair:2)
  Psyche (D:8)
  4 komodo dragons
  A troll (D:9)
  2 blink frogs (Lair:3)
  A hornet (D:8)
  Prince Ribbit (Lair:3)
  A wraith (D:9)
  A shadow (D:9)
  23 yaks
  4 wyverns
  2 basilisks
  2 steam dragons (D:9)
  8 water moccasins
  An acid dragon (D:8)
  7 orc warriors
  A black bear (D:7)
  2 sky beasts (D:7)
  An ice beast (D:7)
  A hornet zombie (D:6)
  An ogre (D:5)
  5 wolves (Lair:2)
  2 centaurs
  3 kobold brigands (D:9)
  10 bullfrogs
  A gnoll sergeant (D:8)
  2 wyvern zombies
  A wyvern skeleton (D:6)
  6 killer bees (D:8)
  14 wights
  3 electric eels
  4 howler monkeys
  5 centaur zombies
  8 orc priests
  A hound (D:5)
  A bullfrog skeleton (D:5)
  An iguana (D:5)
  11 orc wizards
  A howler monkey zombie (D:8)
  4 adders
  7 gnolls
  2 white imps
  2 ufetubi (D:5)
  4 worms
  3 dart slugs
  33 orcs
  5 ball pythons
  5 bats
  5 endoplasms
  3 giant cockroaches
  7 goblins
  5 hobgoblins
  10 jackals
  3 quokkas
  3 frilled lizards
  6 kobolds
  3 rats
  A briar patch (Lair:3)
272 creatures vanquished.

Vanquished Creatures (collateral kills)
  3 yaks (Lair:1)
  A wyvern (D:8)
  A gnoll sergeant (D:6)
  A killer bee (D:9)
  A howler monkey (D:3)
  A bullfrog skeleton (D:5)
  An iguana (D:3)
  2 orcs
11 creatures vanquished.

Vanquished Creatures (others)
  2 briar patches (Lair:3)
  19 fungi
  83 plants
104 creatures vanquished.

Grand Total: 387 creatures vanquished

Notes
Turn   | Place    | Note
-------+----------+-------------------------------------------
     0 | D:5      | flotson the Demonspawn Delver began the quest for the Orb.
     0 | D:5      | Reached XP level 1. HP: 18/18 MP: 1/1
    25 | D:5      | Noticed an ogre
    26 | D:5      | Noticed an iguana
    33 | D:4      | Noticed a howler monkey
   692 | D:2      | Gained mutation: You have a pair of small horns on your
                  | head. [demonic ancestry]
   692 | D:2      | Reached XP level 2. HP: 24/24 MP: 2/2
   927 | D:1      | Found a faded altar of an unknown god.
   990 | D:1      | Reached skill level 1 in Throwing
  1181 | D:1      | Reached XP level 3. HP: 28/29 MP: 3/3
  1912 | D:2      | Got Ruthe's Disquisition on Bewitchment
  2031 | D:2      | Found Sileung's Weapon Emporium.
  2036 | D:2      | Learned a level 1 spell: Animate Skeleton
  2644 | D:3      | Gained mutation: A weak demonic guardian rushes to your
                  | aid. [demonic ancestry]
  2644 | D:3      | Reached XP level 4. HP: 30/35 MP: 4/4
  3541 | D:3      | Reached skill level 1 in Necromancy
  3754 | D:3      | Reached XP level 5. HP: 18/42 MP: 4/6
  5060 | D:4      | Reached skill level 1 in Spellcasting
  5256 | D:5      | Killed an ogre
  5257 | D:5      | Reached skill level 1 in Armour
  5257 | D:5      | Reached skill level 1 in Evocations
  5257 | D:5      | Reached XP level 6. HP: 48/48 MP: 7/7
  5288 | D:5      | Reached skill level 1 in Polearms
  5800 | D:5      | Found a staircase to the Ecumenical Temple.
  5809 | Temple   | Entered the Ecumenical Temple
  5874 | Temple   | Became a worshipper of Gozag Ym Sagoz the Greedy
  6021 | D:5      | Learned a level 3 spell: Vampiric Draining
  6573 | D:5      | Found a staircase to the Ecumenical Temple.
  7171 | D:5      | Reached XP level 7. HP: 51/53 MP: 9/9
  8438 | D:6      | Gained mutation: You sometimes gain a little power by
                  | taking damage. [demonic ancestry]
  8438 | D:6      | Reached XP level 8. HP: 23/60 MP: 11/11
  8443 | D:6      | Reached skill level 1 in Shields
  9268 | D:7      | Reached skill level 5 in Fighting
  9848 | D:7      | Identified the +9 whip of Discretion {holy, rC+ rN+ Int+5
                  | Stlth+}
 10122 | D:8      | Noticed a hornet
 10127 | D:8      | Killed a hornet
 10128 | D:8      | Reached XP level 9. HP: 68/68 MP: 14/14
 10705 | D:2      | Bought a +2 demon trident of pain for 594 gold pieces
 10719 | D:2      | Learned a level 4 spell: Dispel Undead
 10726 | D:2      | Learned a level 6 spell: Death Channel
 11176 | D:8      | Reached skill level 5 in Necromancy
 11314 | D:8      | Noticed Psyche
 11336 | D:8      | Killed Psyche
 11337 | D:8      | Reached skill level 5 in Dodging
 12407 | D:8      | Identified the ring "Ubuibu" {rPois rC+ rN+}
 12863 | D:8      | Gained mutation: You are partially covered in slimy green
                  | scales. (AC +2) [demonic ancestry]
 12863 | D:8      | Reached XP level 10. HP: 76/76 MP: 16/16
 13377 | D:8      | Identified the +3 scale mail of Valiance {rPois rCorr Dex+3
                  | Slay+2}
 13943 | D:9      | Found a staircase to the Orcish Mines.
 13978 | D:9      | Found a staircase to the Lair.
 14141 | D:9      | Reached skill level 5 in Armour
 14147 | D:9      | Reached skill level 5 in Spellcasting
 14380 | D:9      | Noticed Maurice
 14397 | D:9      | Reached skill level 5 in Polearms
 14421 | D:9      | Killed Maurice
 14890 | D:9      | Found a bloodstained altar of Trog.
 15612 | D:10     | Entered Level 10 of the Dungeon
 15680 | D:10     | Noticed a two-headed ogre
 15747 | D:10     | Identified the +5 morningstar of the Protecting King
                  | {vorpal, rC+++ Dex+4 SInv Stlth-}
 15771 | D:10     | Noticed Sonja
 15796 | D:10     | Killed Sonja
 16068 | D:10     | Killed a two-headed ogre
 16069 | D:10     | Gained mutation: You have a pair of horns on your head.
                  | [demonic ancestry]
 16069 | D:10     | Reached XP level 11. HP: 63/84 MP: 19/19
 16699 | Lair:1   | Entered Level 1 of the Lair of Beasts
 17058 | Lair:1   | Learned a level 2 spell: Corpse Rot
 19045 | Lair:2   | Noticed Maggie
 19057 | Lair:2   | Killed Maggie
 19097 | Lair:2   | Got the Incunabulum of Confrontation
 19207 | Lair:2   | Gained mutation: You sometimes gain power by taking damage.
                  | [demonic ancestry]
 19207 | Lair:2   | Reached XP level 12. HP: 92/92 MP: 21/21
 19720 | Lair:3   | Found a transporter.
 19733 | Lair:3   | Reached skill level 5 in Evocations
 19740 | Lair:3   | Found a transporter.
 19740 | Lair:3   | Noticed Prince Ribbit
 19762 | Lair:3   | Killed Prince Ribbit
 20139 | Lair:3   | Identified the +1 chain mail "Xeobb" {Dex+3}
 20142 | Lair:3   | Found a snail-covered altar of Cheibriados.
 20333 | Lair:3   | Found a hole to the Spider Nest.
 20478 | Lair:3   | Reached skill level 5 in Throwing
 21174 | Lair:3   | Collided with a briar patch

Illustrated notes

Levels and vault maps discovered:
D:1:      minmay_arrival_cross, layout_basic,
          shapermc_ecumenical_altar_totnotflames, minmay_misc_feat_encased,
          feat_on_display
D:2:      layout_loops_ring, serial_shops, nicolae_shop_statue_plus
D:3:      layout_basic
D:4:      layout_rooms
D:5:      layout_cave_pools, minmay_temple_entry_proselytizer
D:6:      layout_gridville
D:7:      layout_loops_ring, minmay_misc_feat_enclosed
D:8:      layout_loops_corners, grunt_decor_resistance, minmay_bent, uniq_psyche
D:9:      layout_loops_ring, mainiacjoe_overflow_tiny_flanked,
          dpeg_oklobed_lair, orc_0_dummy, serial_bayou, serial_bayou_ford_a,
          serial_bayou_crossing, serial_bayou_lagoon_a, kennysheep_kite_vault,
          uniq_maurice
D:10:     layout_rooms, minivault_16, uniq_sonja
Temple:   compressed_dpeg_triangle_lava_temple
Lair:1:   layout_hall_layers, grunt_megastairs_1, lemuel_fruit_tree
Lair:2:   layout_chaotic_city, serial_bayou_shore_a, uniq_maggie
Lair:3:   gammafunk_worm_tunnel, layout_layer_cave,
          nicolae_spider_entry_orb_guardian, basic_altar, grunt_megastairs_5,
          uniq_prince_ribbit2

Skill      XL: |  1  2  3  4  5  6  7  8  9 10 11 12 |
---------------+-------------------------------------+-----
Axes           | 2 |  2.5
Dodging        | 2 3 4 5 6 7 |  7.2
Throwing       | 1 2 3 4 5 |  5.0
Necromancy     | 1 2 3 4 5 6 7 8 |  8.0
Spellcasting   | 1 2 3 4 5 6 |  6.6
Armour         | 1 2 3 4 5 6 |  6.7
Evocations     | 1 2 3 4 5 |  5.2
Fighting       | 4 5 6 7 8 |  8.3
Polearms       | 1 2 3 4 5 6 |  6.7
Shields        | 2 3 4 |  4.3
Stealth        | |  4.5

Action                   |  1- 3 |  4- 6 |  7- 9 | 10-12 || total
-------------------------+-------+-------+-------+-------++-------
Melee: Hand axe          |   116 |    85 |       |       ||   201
       Headbutt          |    18 |    43 |    54 |   128 ||   243
       Dagger            |       |    80 |    50 |       ||   130
       War axe           |       |     2 |       |       ||     2
       Halberd           |       |       |   114 |       ||   114
       Demon trident     |       |       |   123 |   485 ||   608
Throw: Dart              |       |    16 |    10 |     7 ||    33
       Javelin           |       |       |       |    18 ||    18
 Cast: Vampiric Draining |       |       |       |     5 ||     5
Evoke: Wand              |       |     1 |     3 |     2 ||     6
  Use: Scroll            |     2 |     1 |       |    14 ||    17
       Potion            |     1 |     1 |     1 |     4 ||     7
 Stab: Sleeping          |     8 |     4 |     6 |     1 ||    19
       Invisible         |       |     3 |     4 |       ||     7
       Distracted        |       |       |     3 |     4 ||     7
Armor: Ring mail         |    39 |    63 |    75 |     6 ||   183
       Scale mail        |       |       |       |   151 ||   151
Dodge: Dodged            |    68 |   133 |   142 |   217 ||   560
Block: Buckler           |       |       |    21 |    74 ||    95
       Kite shield       |       |       |       |    65 ||    65

Table legend: (Time is in decaauts)
 A = Elapsed time spent in this place.
 B = Non-inter-level travel time spent in this place.
 C = Inter-level travel time spent in this place.
 D = Time resting spent in this place.
 E = Time spent auto-exploring this place.
 F = Levels seen in this place.
 G = Mean time per level.
                   A        B        C        D        E       F      G
               +--------+--------+--------+--------+--------+-----+--------+
         Total |  21352 |  20389 |    963 |   1946 |  15428 |  14 | 1525.1 |
       Dungeon |  16770 |  15916 |    854 |   1942 |  11520 |  10 | 1677.0 |
        Temple |     74 |     65 |      9 |      0 |     57 |   1 |   74.0 |
          Lair |   4506 |   4406 |    100 |      4 |   3851 |   3 | 1502.0 |
               +--------+--------+--------+--------+--------+-----+--------+

Top non-repeatable levels by time:
     D:8: 2928 daAuts
     D:3: 2397 daAuts
     D:6: 2191 daAuts
     D:9: 1719 daAuts
     D:5: 1710 daAuts
     D:7: 1667 daAuts
     D:2: 1656 daAuts
  Lair:1: 1518 daAuts
  Lair:2: 1503 daAuts
  Lair:3: 1485 daAuts
    D:10: 1019 daAuts
     D:4: 740 daAuts
     D:1: 739 daAuts
  Temple: 74 daAuts
